Senators vs Marlies

Created - Monday, February 09, 2015 at 01:45

Goals
1 2 3 T
Senators 2 0 0 2
Marlies 0 1 0 1
Shots
1 2 3 T
Senators 12 7 14 33
Marlies 7 9 4 20

1st period

1. Senators , John Scott 2 (Emerson Etem, Mike Brown) at 11:16
2. Senators , Emerson Etem 17 (Tyler Biggs) at 17:14

Penalties :
Rich Clune (TOR) for Fighting (Major) at 2:46, Colton Orr (BIN) for Fighting (Major) at 2:46, Brendon Nash (TOR) for Fighting (Major) at 5:50, Mike Brown (BIN) for Fighting (Major) at 5:50, Rich Clune (TOR) for Fighting (Major) at 10:35, Colton Orr (BIN) for Fighting (Major) at 10:35, Farm Player44 (TOR) for Hooking (Minor) at 11:19, John Scott (BIN) for Tripping (Minor) at 11:49, Farm Player24 (TOR) for Boarding (Minor) at 17:44

2nd period

3. Marlies , Morgan Ellis 1 (Jake Hansen) at 4:32

Penalties :
Scott Harrington (TOR) for Fighting (Major) at 8:17, Andrew MacWilliam (BIN) for Fighting (Major) at 8:17, Jordan Henry (TOR) for Fighting (Major) at 10:13, David Broll (BIN) for Fighting (Major) at 10:13, Rich Clune (TOR) for Hooking (Minor) at 10:17, George Parros (TOR) for Diving (Minor) at 14:57, Rich Clune (TOR) for Fighting (Major / Game Misconduct) at 18:52, Andrew MacWilliam (BIN) for Fighting (Major) at 18:52

3rd period

No Goal

Penalties :
John Scott (BIN) for Holding (Minor) at 0:43, George Parros (TOR) for Fighting (Major) at 2:39, Korbinian Holzer (BIN) for Fighting (Major) at 2:39, Brendon Nash (TOR) for Hooking (Minor) at 7:07

Goalie Stats

Jean-Francois Berube (BIN), 19 saves from 20 shots - (0.950), W, 32-12-9, 60:00 minutes
Anders Nilsson (TOR), 31 saves from 33 shots - (0.939), L, 4-2-3, 59:23 minutes

Players Stats for Senators

Player Name              G  A  P  +/- PIM S  H  SB GA TA FO     MP     PP MP  PK MP  
------------------------------------------------------------------------------------
Andrew MacWilliam        0  0  0  -1  10  0  2  3  0  0  0/0    14:05   0:00   0:16 
Colton Orr               0  0  0   0  10  4  1  2  4  1  0/0    15:51   3:09   0:00 
Daine Todd               0  0  0   0  0   3  0  1  5  0  3/7    16:49   0:30   0:14 
David Broll              0  0  0   0  5   0  0  0  1  0  0/0    12:46   0:00   0:00 
Emerson Etem             1  1  2   1  0   5  2  1  6  0  3/5    24:21   4:47   0:16 
Evan Trupp               0  0  0   0  0   0  2  0  2  1  2/5     7:20   0:00   0:00 
Greg Nemisz              0  0  0   0  0   3  2  0  2  1  0/0    14:38   0:00   0:00 
Greg Pateryn             0  0  0   1  0   6  0  1  0  1  0/0    20:17   3:21   0:14 
Jesse Blacker            0  0  0  -1  0   2  0  0  1  0  0/0    17:58   0:00   0:00 
John Scott               1  0  1   1  4   1  3  1  3  0  0/0    23:27   5:04   0:00 
Josh Leivo               0  0  0   0  0   3  1  0  2  1  1/2    19:07   3:39   0:00 
Kenny Ryan               0  0  0   0  0   0  0  0  0  0  0/0     0:00   0:00   0:00 
Korbinian Holzer         0  0  0   1  5   0  2  0  0  0  0/0    19:10   3:21   0:14 
Kyle Chipchura           0  0  0   1  0   0  0  0  0  0  8/17   20:09   4:47   0:16 
Martin St. Pierre        0  0  0   0  0   1  0  0  1  0  11/16  19:07   3:39   0:00 
Mike Brown               0  1  1   1  5   2  2  0  4  0  0/1    16:30   4:47   0:14 
Steve Eminger            0  0  0   1  0   3  1  2  1  2  0/0    25:47   5:05   0:16 
Tyler Biggs              0  1  1   0  0   0  3  0  0  0  1/1    10:30   0:00   0:00 

Players Stats for Marlies

Player Name              G  A  P  +/- PIM S  H  SB GA TA FO     MP     PP MP  PK MP  
------------------------------------------------------------------------------------
Andrew Yogan             0  0  0   0  0   1  1  0  0  0  3/10   16:48   0:16   0:00 
Austen Brassard          0  0  0  -2  0   0  1  0  0  0  0/0    10:12   0:14   0:00 
Brendon Nash             0  0  0   0  7   1  2  0  0  1  0/0    10:53   0:00   0:00 
Drew Schiestel           0  0  0   1  0   0  0  2  0  4  0/0    19:50   0:14   3:10 
Farm Player24            0  0  0  -1  2   0  0  0  0  0  1/3    19:35   0:16   2:47 
Farm Player29            0  0  0   1  0   0  1  0  0  0  0/0    15:52   0:00   1:56 
Farm Player44            0  0  0   0  2   0  0  0  0  0  0/0    10:11   0:14   0:25 
George Parros            0  0  0  -1  7   1  2  0  2  1  1/2    21:41   0:00   4:31 
Harrison Ruopp           0  0  0   0  0   0  1  0  0  0  0/0    11:39   0:00   1:00 
Jake Hansen              0  1  1   1  0   3  3  1  1  1  1/2    20:09   0:00   0:00 
Jason Clark              0  0  0   1  0   4  0  1  0  1  8/15   17:28   0:14   3:00 
Joel Armia               0  0  0   0  0   2  0  3  6  2  1/1    17:07   0:16   1:07 
Jonathon Blum            0  0  0  -2  0   4  1  1  2  3  0/0    22:58   0:16   5:16 
Jordan Henry             0  0  0   0  5   0  0  0  0  1  0/0     7:40   0:00   0:10 
Morgan Ellis             1  0  1   1  0   1  0  1  2  4  0/0    19:50   0:14   3:10 
Nicolas Deschamps        0  0  0  -1  0   0  1  1  2  1  8/18   17:45   0:00   1:07 
Rich Clune               0  0  0  -1  27  2  0  0  1  0  2/3     9:53   0:00   2:00 
Scott Harrington         0  0  0  -2  5   1  2  1  0  2  0/0    20:33   0:16   4:16 

3 Stars

1 - Emerson Etem (BIN)
2 - Jean-Francois Berube (BIN)
3 - Morgan Ellis (TOR)

Power Play

Senators - 0 on 5 Attempt(s) - 0.00%
Marlies - 0 on 2 Attempt(s) - 0.00%

Penalty Kill

Senators - 2 on 2 Attempt(s) - 100.00% - Score 0 goal in Penalty Kill
Marlies - 5 on 5 Attempt(s) - 100.00% - Score 0 goal in Penalty Kill

Team Stat

Senators - Hits : 21 - Faceoff Wins : 29 - Blocked Shots : 11 - Penalty Minutes : 39
Marlies - Hits : 15 - Faceoff Wins : 25 - Blocked Shots : 11 - Penalty Minutes : 55

Official

Referees : Unknown
Linesman : Unknown

Game Notes

Colton Orr beats up Rich Clune at 2:46 of 1st period
Brendon Nash beats up Mike Brown at 5:50 of 1st period
Rich Clune and Colton Orr fight to a draw at 10:35 of 1st period
Scott Harrington beats up Andrew MacWilliam at 8:17 of 2nd period
Jordan Henry beats up David Broll at 10:13 of 2nd period
Rich Clune beats up Andrew MacWilliam at 18:52 of 2nd period
Rich Clune ejected from game at 18:52 of 2nd period
Korbinian Holzer beats up George Parros at 2:39 of 3rd period

Finance

Level 1 -- Attendance: 1398 (69.90%) -- Ticket Income $48,930
Level 2 -- Attendance: 747 (74.70%) -- Ticket Income $7,470
Total Attendance: 2145 (71.50%)
Total Ticket Income: $56,400
Other Income: $27,636
Total Income: $84,036

Senators

5 vs 5 Forward 
   Center                   Left Wing                Right Wing               Time % Phy DF OF 
 1 Kyle Chipchura           Emerson Etem             Mike Brown               35     1   2  2  
 2 Martin St. Pierre        Josh Leivo               Colton Orr               30     1   2  2  
 3 Daine Todd               David Broll              Greg Nemisz              22     1   2  2  
 4 Evan Trupp               Emerson Etem             Tyler Biggs              13     1   2  2  

5 vs 5 Defense 
   Defense                  Defense                                           Time % Phy DF OF 
 1 John Scott               Steve Eminger                                     35     1   2  2  
 2 Korbinian Holzer         Greg Pateryn                                      30     1   2  2  
 3 Jesse Blacker            Andrew MacWilliam                                 22     1   2  2  
 4 John Scott               Steve Eminger                                     13     1   2  2  

PowerPlay Forward 
   Center                   Left Wing                Right Wing               Time % Phy DF OF 
 1 Kyle Chipchura           Emerson Etem             Mike Brown               60     1   2  2  
 2 Martin St. Pierre        Josh Leivo               Colton Orr               40     1   2  2  

PowerPlay Defense
   Defense                  Defense                                           Time % Phy DF OF 
 1 John Scott               Steve Eminger                                     60     1   2  2  
 2 Korbinian Holzer         Greg Pateryn                                      40     1   2  2  

Penalty Kill 4 Players Forward 
   Center                   Wing                     Time % Phy DF OF 
 1 Emerson Etem             Kyle Chipchura           60     1   2  2  
 2 Mike Brown               Colton Orr               40     1   2  2  

Penalty Kill 4 Players Defense
   Defense                  Defense                  Time % Phy DF OF 
 1 John Scott               Steve Eminger            60     1   2  2  
 2 Korbinian Holzer         Greg Pateryn             40     1   2  2  

Penalty Kill - 3 Players Forward 
   Forward                                           Time % Phy DF OF 
 1 Emerson Etem                                      60     1   2  2  
 2 Kyle Chipchura                                    40     1   2  2  

Penalty Kill - 3 Players Defense
   Defense                  Defense                  Time % Phy DF OF 
 1 John Scott               Steve Eminger            60     1   2  2  
 2 Korbinian Holzer         Greg Pateryn             40     1   2  2  

4 vs 4 Forward 
   Center                   Wing                     Time % Phy DF OF 
 1 Emerson Etem             Kyle Chipchura           60     1   2  2  
 2 Mike Brown               Colton Orr               40     1   2  2  

4 vs 4 Defense
   Defense                  Defense                  Time % Phy DF OF 
 1 John Scott               Steve Eminger            60     1   2  2  
 2 Korbinian Holzer         Greg Pateryn             40     1   2  2  

Last Minutes Offensive
   Center                   Left Wing                Right Wing               Defense                  Defense                  
   Kyle Chipchura           Emerson Etem             Mike Brown               John Scott               Steve Eminger            

Last Minutes Defensive
   Center                   Left Wing                Right Wing               Defense                  Defense                  
   Kyle Chipchura           Emerson Etem             Mike Brown               John Scott               Steve Eminger            

Goaltenders
Starting : Jean-Francois Berube     
Backup : Cedrick Desjardins       

Extra Forwards
Normal : Daine Todd, Greg Nemisz, Tyler Biggs - PP : Daine Todd, Greg Nemisz - PK : Tyler Biggs
Extra Defensemen
Normal : Jesse Blacker, Andrew MacWilliam, Korbinian Holzer - PP : Jesse Blacker - PK : Andrew MacWilliam, Korbinian Holzer
Penalty Shots
Emerson Etem, John Scott, Kyle Chipchura, Mike Brown, Colton Orr

Marlies

5 vs 5 Forward 
   Center                   Left Wing                Right Wing               Time % Phy DF OF 
 1 Nicolas Deschamps        Rich Clune               George Parros            35     1   2  2  
 2 Andrew Yogan             Farm Player24            Joel Armia               30     1   2  2  
 3 Jason Clark              Farm Player29            Jake Hansen              22     1   2  2  
 4 Rich Clune               George Parros            Austen Brassard          13     1   2  2  

5 vs 5 Defense 
   Defense                  Defense                                           Time % Phy DF OF 
 1 Jonathon Blum            Scott Harrington                                  35     1   2  2  
 2 Morgan Ellis             Drew Schiestel                                    30     1   2  2  
 3 Brendon Nash             Harrison Ruopp                                    22     1   2  2  
 4 Jordan Henry             Farm Player44                                     13     1   2  2  

PowerPlay Forward 
   Center                   Left Wing                Right Wing               Time % Phy DF OF 
 1 Nicolas Deschamps        Rich Clune               George Parros            60     1   2  2  
 2 Andrew Yogan             Farm Player24            Joel Armia               40     1   2  2  

PowerPlay Defense
   Defense                  Defense                                           Time % Phy DF OF 
 1 Jonathon Blum            Scott Harrington                                  60     1   2  2  
 2 Morgan Ellis             Drew Schiestel                                    40     1   2  2  

Penalty Kill 4 Players Forward 
   Center                   Wing                     Time % Phy DF OF 
 1 Rich Clune               George Parros            60     1   2  2  
 2 Joel Armia               Nicolas Deschamps        40     1   2  2  

Penalty Kill 4 Players Defense
   Defense                  Defense                  Time % Phy DF OF 
 1 Jonathon Blum            Scott Harrington         60     1   2  2  
 2 Morgan Ellis             Drew Schiestel           40     1   2  2  

Penalty Kill - 3 Players Forward 
   Forward                                           Time % Phy DF OF 
 1 Rich Clune                                        60     1   2  2  
 2 George Parros                                     40     1   2  2  

Penalty Kill - 3 Players Defense
   Defense                  Defense                  Time % Phy DF OF 
 1 Jonathon Blum            Scott Harrington         60     1   2  2  
 2 Morgan Ellis             Drew Schiestel           40     1   2  2  

4 vs 4 Forward 
   Center                   Wing                     Time % Phy DF OF 
 1 Rich Clune               George Parros            60     1   2  2  
 2 Joel Armia               Nicolas Deschamps        40     1   2  2  

4 vs 4 Defense
   Defense                  Defense                  Time % Phy DF OF 
 1 Jonathon Blum            Scott Harrington         60     1   2  2  
 2 Morgan Ellis             Drew Schiestel           40     1   2  2  

Last Minutes Offensive
   Center                   Left Wing                Right Wing               Defense                  Defense                  
   Nicolas Deschamps        Rich Clune               George Parros            Jonathon Blum            Scott Harrington         

Last Minutes Defensive
   Center                   Left Wing                Right Wing               Defense                  Defense                  
   Nicolas Deschamps        Rich Clune               George Parros            Jonathon Blum            Scott Harrington         

Goaltenders
Starting : Anders Nilsson           
Backup : Garret Sparks            

Extra Forwards
Normal : Jake Hansen, Austen Brassard, Jason Clark - PP : Jake Hansen, Austen Brassard - PK : Jason Clark
Extra Defensemen
Normal : Brendon Nash, Harrison Ruopp, Jordan Henry - PP : Brendon Nash - PK : Harrison Ruopp, Jordan Henry
Penalty Shots
Rich Clune, George Parros, Joel Armia, Nicolas Deschamps, Jake Hansen

% Time on Ice - Senators

Lines # - Real PCT - Wanted PCT - Time Play
Normal Forward
1 - 26% - 35% - 12:50
2 - 32% - 30% - 15:28
3 - 27% - 22% - 13:00
4 - 15% - 13% - 7:20
Normal Defense
1 - 32% - 35% - 15:34
2 - 34% - 30% - 16:32
3 - 29% - 22% - 13:56
4 - 5% - 13% - 2:36
PP Forward
1 - 57% - 60% - 4:47
2 - 43% - 40% - 3:39
PP Defense
1 - 60% - 60% - 5:05
2 - 40% - 40% - 3:21
PK Forward
1 - 53% - 60% - 0:16
2 - 47% - 40% - 0:14
PK Defense
1 - 53% - 60% - 0:16
2 - 47% - 40% - 0:14
PK3 Forward
1 - 0% - 60%
2 - 0% - 40%
PK3 Defense
1 - 0% - 60%
2 - 0% - 40%
44 Forward
1 - 89% - 60% - 1:19
2 - 11% - 40% - 0:10
44 Defense
1 - 89% - 60% - 1:19
2 - 11% - 40% - 0:10
Last Minute Offensive  - 0:00
Last Minute Defensive  - 0:57
Total
Forward - 60:00
Defense - 60:00

% Time on Ice - Marlies

Lines # - Real PCT - Wanted PCT - Time Play
Normal Forward
1 - 34% - 35% - 16:37
2 - 32% - 30% - 15:44
3 - 24% - 22% - 11:50
4 - 9% - 13% - 4:27
Normal Defense
1 - 32% - 35% - 15:29
2 - 33% - 30% - 15:57
3 - 21% - 22% - 10:07
4 - 15% - 13% - 7:05
PP Forward
1 - 47% - 60% - 0:14
2 - 53% - 40% - 0:16
PP Defense
1 - 53% - 60% - 0:16
2 - 47% - 40% - 0:14
PK Forward
1 - 87% - 60% - 7:19
2 - 13% - 40% - 1:07
PK Defense
1 - 62% - 60% - 5:16
2 - 38% - 40% - 3:10
PK3 Forward
1 - 0% - 60%
2 - 0% - 40%
PK3 Defense
1 - 0% - 60%
2 - 0% - 40%
44 Forward
1 - 100% - 60% - 1:29
2 - 0% - 40% - 0:00
44 Defense
1 - 67% - 60% - 1:00
2 - 33% - 40% - 0:29
Last Minute Offensive  - 0:57
Last Minute Defensive  - 0:00
Total
Forward - 60:00
Defense - 60:00

Play by Play

1st period


0:01 of 1st period - Kyle Chipchura wins face-off versus Nicolas Deschamps in neutral zone.
0:26 of 1st period - Slapshot by Emerson Etem.
0:26 of 1st period - Stopped by Anders Nilsson without a rebound.
0:27 of 1st period - Josh Leivo wins face-off versus Andrew Yogan in Marlies zone.
0:30 of 1st period - Snap shot by Martin St. Pierre.
0:30 of 1st period - Shot Misses the Net.
1:36 of 1st period - Backhand shot by David Broll.
1:36 of 1st period - Shot Misses the Net.
1:38 of 1st period - Wrist shot by Daine Todd.
1:38 of 1st period - Shot Misses the Net.
1:40 of 1st period - Slapshot by Andrew MacWilliam.
1:40 of 1st period - Shot Blocked by Drew Schiestel.
1:42 of 1st period - Snap shot by Daine Todd.
1:42 of 1st period - Stopped by Anders Nilsson with a rebound.
1:53 of 1st period - Icing by Morgan Ellis.
1:54 of 1st period - Jason Clark wins face-off versus Evan Trupp in Marlies zone.
2:01 of 1st period - Slapshot by Steve Eminger.
2:01 of 1st period - Stopped by Anders Nilsson without a rebound.
2:02 of 1st period - Rich Clune wins face-off versus Evan Trupp in Marlies zone.
2:02 of 1st period - Rich Clune is hit by Emerson Etem.
2:10 of 1st period - Rich Clune is hit by Evan Trupp and loses puck.
2:39 of 1st period - Snap shot by Emerson Etem.
2:39 of 1st period - Shot Misses the Net.
2:46 of 1st period - Colton Orr beats up Rich Clune.
2:46 of 1st period - Penalty to Rich Clune for Fighting.
2:46 of 1st period - Penalty to Colton Orr for Fighting.
2:47 of 1st period - Andrew Yogan wins face-off versus Mike Brown in neutral zone.
3:09 of 1st period - Scott Harrington is hit by Mike Brown and loses puck.
3:18 of 1st period - Wrist shot by Mike Brown.
3:18 of 1st period - Shot Misses the Net.
3:28 of 1st period - Slapshot by Martin St. Pierre.
3:28 of 1st period - Stopped by Anders Nilsson with a rebound.
4:24 of 1st period - Jake Hansen is hit by Korbinian Holzer and loses puck.
5:50 of 1st period - Brendon Nash beats up Mike Brown.
5:50 of 1st period - Penalty to Brendon Nash for Fighting.
5:50 of 1st period - Penalty to Mike Brown for Fighting.
5:51 of 1st period - Daine Todd wins face-off versus Andrew Yogan in neutral zone.
5:58 of 1st period - Wrist shot by Martin St. Pierre.
5:58 of 1st period - Shot Blocked by Scott Harrington.
6:12 of 1st period - Wrist shot by Josh Leivo.
6:12 of 1st period - Stopped by Anders Nilsson with a rebound.
6:48 of 1st period - Daine Todd is hit by Jake Hansen and loses puck.
7:40 of 1st period - Morgan Ellis is hit by Andrew MacWilliam and loses puck.
8:06 of 1st period - Slapshot by Kyle Chipchura.
8:06 of 1st period - Shot Blocked by Joel Armia.
8:08 of 1st period - Slapshot by Greg Pateryn.
8:08 of 1st period - Stopped by Anders Nilsson with a rebound.
8:16 of 1st period - Snap shot by Emerson Etem.
8:16 of 1st period - Stopped by Anders Nilsson with a rebound.
9:42 of 1st period - Morgan Ellis is hit by John Scott and loses puck.
9:51 of 1st period - Wrist shot by Evan Trupp.
9:51 of 1st period - Shot Misses the Net.
9:53 of 1st period - Slapshot by Jesse Blacker.
9:53 of 1st period - Deflect By Jake Hansen.
9:53 of 1st period - Stopped by Anders Nilsson with a rebound.
10:34 of 1st period - Snap shot by Martin St. Pierre.
10:34 of 1st period - Shot Misses the Net.
10:35 of 1st period - Rich Clune and Colton Orr fight to a draw.
10:35 of 1st period - Penalty to Rich Clune for Fighting.
10:35 of 1st period - Penalty to Colton Orr for Fighting.
10:36 of 1st period - Martin St. Pierre wins face-off versus Nicolas Deschamps in Marlies zone.
10:52 of 1st period - Slapshot by Josh Leivo.
10:52 of 1st period - Shot Blocked by Jonathon Blum.
11:14 of 1st period - Slapshot by Emerson Etem.
11:14 of 1st period - Shot Misses the Net.
11:16 of 1st period - Slapshot by John Scott.
11:16 of 1st period - Goal by John Scott - Senators : 1 - Marlies : 0.
11:17 of 1st period - Jason Clark wins face-off versus Martin St. Pierre in neutral zone.
11:19 of 1st period - Minor Penalty to Farm Player44 for Hooking.
11:20 of 1st period - Martin St. Pierre wins face-off versus Jason Clark in Marlies zone.
11:49 of 1st period - Minor Penalty to John Scott for Tripping.
11:50 of 1st period - Emerson Etem wins face-off versus Jake Hansen in Senators zone.
12:00 of 1st period - Snap shot by Jake Hansen.
12:00 of 1st period - Shot Misses the Net.
12:02 of 1st period - Slapshot by Scott Harrington.
12:02 of 1st period - Shot Misses the Net.
12:04 of 1st period - Snap shot by Jake Hansen.
12:04 of 1st period - Stopped by Jean-Francois Berube without a rebound.
12:05 of 1st period - George Parros wins face-off versus Emerson Etem in Senators zone.
12:20 of 1st period - Snap shot by Emerson Etem.
12:20 of 1st period - Shot Blocked by Jake Hansen.
12:32 of 1st period - Backhand shot by Jonathon Blum.
12:32 of 1st period - Shot Blocked by Steve Eminger.
13:19 of 1st period - Penalty to Farm Player44 is over, Farm Player44 is back on ice.
13:32 of 1st period - Wrist shot by Jason Clark.
13:32 of 1st period - Stopped by Jean-Francois Berube without a rebound.
13:33 of 1st period - Andrew Yogan wins face-off versus Emerson Etem in Senators zone.
13:38 of 1st period - Slapshot by Jonathon Blum.
13:38 of 1st period - Deflect By Steve Eminger.
13:38 of 1st period - Stopped by Jean-Francois Berube with a rebound.
13:40 of 1st period - Slapshot by Jonathon Blum.
13:40 of 1st period - Shot Misses the Net.
13:42 of 1st period - Snap shot by Jonathon Blum.
13:42 of 1st period - Shot Blocked by Andrew MacWilliam.
13:44 of 1st period - Slapshot by Jonathon Blum.
13:44 of 1st period - Deflect By Joel Armia.
13:44 of 1st period - Shot Misses the Net.
13:44 of 1st period - Puck is out of play.
13:45 of 1st period - Emerson Etem wins face-off versus Andrew Yogan in Senators zone.
13:49 of 1st period - Penalty to John Scott is over, John Scott is back on ice.
14:56 of 1st period - Snap shot by Daine Todd.
14:56 of 1st period - Deflect By Greg Nemisz.
14:56 of 1st period - Stopped by Anders Nilsson with a rebound.
14:58 of 1st period - Slapshot by Greg Pateryn.
14:58 of 1st period - Stopped by Anders Nilsson with a rebound.
15:14 of 1st period - Greg Pateryn is hit by George Parros and loses puck.
16:16 of 1st period - Josh Leivo is hit by George Parros and loses puck.
16:27 of 1st period - Brendon Nash is hit by Colton Orr and loses puck.
16:48 of 1st period - Slapshot by Jason Clark.
16:48 of 1st period - Stopped by Jean-Francois Berube without a rebound.
16:49 of 1st period - Daine Todd wins face-off versus Jason Clark in Senators zone.
17:14 of 1st period - Snap shot by Emerson Etem.
17:14 of 1st period - Goal by Emerson Etem - Senators : 2 - Marlies : 0.
17:15 of 1st period - Farm Player24 wins face-off versus Martin St. Pierre in neutral zone.
17:21 of 1st period - Off-side.
17:22 of 1st period - Andrew Yogan wins face-off versus Martin St. Pierre in neutral zone.
17:25 of 1st period - Slapshot by Jonathon Blum.
17:25 of 1st period - Stopped by Jean-Francois Berube with a rebound.
17:27 of 1st period - Slapshot by Jonathon Blum.
17:27 of 1st period - Stopped by Jean-Francois Berube with a rebound.
17:29 of 1st period - Slapshot by Scott Harrington.
17:29 of 1st period - Stopped by Jean-Francois Berube with a rebound.
17:44 of 1st period - Minor Penalty to Farm Player24 for Boarding.
17:45 of 1st period - Rich Clune wins face-off versus Kyle Chipchura in Marlies zone.
19:00 of 1st period - Off-side.
19:01 of 1st period - Joel Armia wins face-off versus Kyle Chipchura in neutral zone.
19:44 of 1st period - Penalty to Farm Player24 is over, Farm Player24 is back on ice.
Goals for this period are 2 for Senators vs 0 for Marlies.
Shots for this period are 12 for Senators vs 7 for Marlies.

2nd period


0:01 of 2nd period - Kyle Chipchura wins face-off versus Nicolas Deschamps in neutral zone.
0:32 of 2nd period - Wrist shot by Nicolas Deschamps.
0:32 of 2nd period - Shot Misses the Net.
0:34 of 2nd period - Wrist shot by Rich Clune.
0:34 of 2nd period - Shot Misses the Net.
0:36 of 2nd period - Snap shot by Jonathon Blum.
0:36 of 2nd period - Shot Blocked by Steve Eminger.
0:48 of 2nd period - Wrist shot by Joel Armia.
0:48 of 2nd period - Shot Misses the Net.
2:15 of 2nd period - Snap shot by Austen Brassard.
2:15 of 2nd period - Shot Misses the Net.
2:17 of 2nd period - Slapshot by Brendon Nash.
2:17 of 2nd period - Stopped by Jean-Francois Berube with a rebound.
3:28 of 2nd period - Slapshot by Scott Harrington.
3:28 of 2nd period - Shot Misses the Net.
3:42 of 2nd period - Wrist shot by Jonathon Blum.
3:42 of 2nd period - Shot Misses the Net.
3:44 of 2nd period - Wrist shot by Joel Armia.
3:44 of 2nd period - Stopped by Jean-Francois Berube with a rebound.
3:46 of 2nd period - Snap shot by Andrew Yogan.
3:46 of 2nd period - Stopped by Jean-Francois Berube with a rebound.
3:48 of 2nd period - Slapshot by Jonathon Blum.
3:48 of 2nd period - Shot Misses the Net.
3:50 of 2nd period - Wrist shot by Joel Armia.
3:50 of 2nd period - Shot Misses the Net.
4:08 of 2nd period - Slapshot by Rich Clune.
4:08 of 2nd period - Stopped by Jean-Francois Berube with a rebound.
4:30 of 2nd period - Wrist shot by Jake Hansen.
4:30 of 2nd period - Stopped by Jean-Francois Berube with a rebound.
4:32 of 2nd period - Slapshot by Morgan Ellis.
4:32 of 2nd period - Goal by Morgan Ellis - Senators : 2 - Marlies : 1.
4:33 of 2nd period - Daine Todd wins face-off versus Andrew Yogan in neutral zone.
6:04 of 2nd period - Korbinian Holzer is hit by Jonathon Blum and loses puck.
6:20 of 2nd period - Snap shot by Mike Brown.
6:20 of 2nd period - Stopped by Anders Nilsson without a rebound.
6:21 of 2nd period - Jason Clark wins face-off versus Daine Todd in Marlies zone.
6:28 of 2nd period - Brendon Nash is hit by Greg Nemisz and loses puck.
6:33 of 2nd period - Wrist shot by Greg Nemisz.
6:33 of 2nd period - Shot Blocked by Jason Clark.
6:35 of 2nd period - Slapshot by Greg Pateryn.
6:35 of 2nd period - Stopped by Anders Nilsson without a rebound.
6:36 of 2nd period - Nicolas Deschamps wins face-off versus Daine Todd in Marlies zone.
6:36 of 2nd period - Nicolas Deschamps is hit by Greg Nemisz.
6:42 of 2nd period - Snap shot by Rich Clune.
6:42 of 2nd period - Shot Misses the Net.
6:44 of 2nd period - Wrist shot by Rich Clune.
6:44 of 2nd period - Stopped by Jean-Francois Berube without a rebound.
6:45 of 2nd period - Martin St. Pierre wins face-off versus Nicolas Deschamps in Senators zone.
6:50 of 2nd period - Slapshot by Colton Orr.
6:50 of 2nd period - Stopped by Anders Nilsson without a rebound.
6:51 of 2nd period - Martin St. Pierre wins face-off versus Rich Clune in Marlies zone.
6:52 of 2nd period - Slapshot by Colton Orr.
6:52 of 2nd period - Shot Blocked by Drew Schiestel.
8:08 of 2nd period - Off-side.
8:09 of 2nd period - Jason Clark wins face-off versus Daine Todd in neutral zone.
8:17 of 2nd period - Scott Harrington beats up Andrew MacWilliam.
8:17 of 2nd period - Penalty to Scott Harrington for Fighting.
8:17 of 2nd period - Penalty to Andrew MacWilliam for Fighting.
8:18 of 2nd period - Nicolas Deschamps wins face-off versus Kyle Chipchura in neutral zone.
9:06 of 2nd period - Slapshot by Jonathon Blum.
9:06 of 2nd period - Deflect By Jake Hansen.
9:06 of 2nd period - Stopped by Jean-Francois Berube with a rebound.
9:20 of 2nd period - Jason Clark is hit by John Scott and loses puck.
10:13 of 2nd period - Jordan Henry beats up David Broll.
10:13 of 2nd period - Penalty to Jordan Henry for Fighting.
10:13 of 2nd period - Penalty to David Broll for Fighting.
10:14 of 2nd period - Nicolas Deschamps wins face-off versus Kyle Chipchura in Marlies zone.
10:14 of 2nd period - Nicolas Deschamps is hit by Emerson Etem.
10:17 of 2nd period - Minor Penalty to Rich Clune for Hooking.
10:18 of 2nd period - Kyle Chipchura wins face-off versus Jason Clark in Marlies zone.
11:06 of 2nd period - Wrist shot by Colton Orr.
11:06 of 2nd period - Stopped by Anders Nilsson without a rebound.
11:07 of 2nd period - Martin St. Pierre wins face-off versus Farm Player24 in Marlies zone.
11:37 of 2nd period - Drew Schiestel is hit by Josh Leivo and loses puck.
12:04 of 2nd period - George Parros is hit by Mike Brown and loses puck.
12:10 of 2nd period - Off-side.
12:11 of 2nd period - Martin St. Pierre wins face-off versus Farm Player24 in neutral zone.
12:17 of 2nd period - Penalty to Rich Clune is over, Rich Clune is back on ice.
12:42 of 2nd period - John Scott is hit by Harrison Ruopp and loses puck.
13:05 of 2nd period - Jake Hansen is hit by John Scott and loses puck.
13:38 of 2nd period - Mike Brown is hit by Brendon Nash and loses puck.
14:11 of 2nd period - Slapshot by Daine Todd.
14:11 of 2nd period - Stopped by Anders Nilsson without a rebound.
14:12 of 2nd period - Nicolas Deschamps wins face-off versus Daine Todd in Marlies zone.
14:12 of 2nd period - Nicolas Deschamps is hit by Tyler Biggs.
14:37 of 2nd period - Snap shot by Colton Orr.
14:37 of 2nd period - Stopped by Anders Nilsson with a rebound.
14:39 of 2nd period - Slapshot by Steve Eminger.
14:39 of 2nd period - Stopped by Anders Nilsson with a rebound.
14:41 of 2nd period - Wrist shot by Martin St. Pierre.
14:41 of 2nd period - Shot Misses the Net.
14:57 of 2nd period - Minor Penalty to George Parros for Diving.
14:58 of 2nd period - Jason Clark wins face-off versus Kyle Chipchura in Marlies zone.
15:13 of 2nd period - Penalty to Jordan Henry is over, Jordan Henry is back on ice.
16:25 of 2nd period - Josh Leivo is hit by Scott Harrington and loses puck.
16:44 of 2nd period - Jonathon Blum is hit by Steve Eminger and loses puck.
16:57 of 2nd period - Penalty to George Parros is over, George Parros is back on ice.
17:38 of 2nd period - Snap shot by Joel Armia.
17:38 of 2nd period - Stopped by Jean-Francois Berube without a rebound.
17:39 of 2nd period - Evan Trupp wins face-off versus Jason Clark in Senators zone.
18:19 of 2nd period - Snap shot by Colton Orr.
18:19 of 2nd period - Shot Misses the Net.
18:21 of 2nd period - Snap shot by Andrew MacWilliam.
18:21 of 2nd period - Shot Misses the Net.
18:52 of 2nd period - Rich Clune beats up Andrew MacWilliam.
18:52 of 2nd period - Penalty to Rich Clune for Fighting.
18:52 of 2nd period - Rich Clune is ejected from game.
18:52 of 2nd period - Penalty to Andrew MacWilliam for Fighting.
18:53 of 2nd period - Martin St. Pierre wins face-off versus Jason Clark in Senators zone.
19:20 of 2nd period - Martin St. Pierre is hit by Farm Player29 and loses puck.
19:28 of 2nd period - Icing by Greg Pateryn.
19:29 of 2nd period - Martin St. Pierre wins face-off versus Nicolas Deschamps in Senators zone.
Goals for this period are 0 for Senators vs 1 for Marlies.
Shots for this period are 7 for Senators vs 9 for Marlies.

3rd period


0:01 of 3rd period - Nicolas Deschamps wins face-off versus Kyle Chipchura in neutral zone.
0:10 of 3rd period - Slapshot by Emerson Etem.
0:10 of 3rd period - Stopped by Anders Nilsson without a rebound.
0:11 of 3rd period - Nicolas Deschamps wins face-off versus Kyle Chipchura in Marlies zone.
0:43 of 3rd period - Minor Penalty to John Scott for Holding.
0:44 of 3rd period - Martin St. Pierre wins face-off versus Andrew Yogan in Senators zone.
1:01 of 3rd period - Slapshot by Brendon Nash.
1:01 of 3rd period - Shot Blocked by Colton Orr.
1:31 of 3rd period - Snap shot by Daine Todd.
1:31 of 3rd period - Shot Blocked by Joel Armia.
1:45 of 3rd period - Slapshot by Daine Todd.
1:45 of 3rd period - Stopped by Anders Nilsson without a rebound.
1:46 of 3rd period - Kyle Chipchura wins face-off versus George Parros in Marlies zone.
1:53 of 3rd period - Snap shot by Mike Brown.
1:53 of 3rd period - Stopped by Anders Nilsson with a rebound.
1:55 of 3rd period - Snap shot by Jesse Blacker.
1:55 of 3rd period - Stopped by Anders Nilsson with a rebound.
1:57 of 3rd period - Wrist shot by Emerson Etem.
1:57 of 3rd period - Stopped by Anders Nilsson with a rebound.
1:59 of 3rd period - Wrist shot by Emerson Etem.
1:59 of 3rd period - Shot Misses the Net.
2:39 of 3rd period - Korbinian Holzer beats up George Parros.
2:39 of 3rd period - Penalty to George Parros for Fighting.
2:39 of 3rd period - Penalty to Korbinian Holzer for Fighting.
2:40 of 3rd period - Jason Clark wins face-off versus Josh Leivo in Senators zone.
3:05 of 3rd period - Slapshot by Drew Schiestel.
3:05 of 3rd period - Deflect By Jake Hansen.
3:05 of 3rd period - Shot Blocked by Colton Orr.
3:05 of 3rd period - Puck is out of play.
3:06 of 3rd period - Emerson Etem wins face-off versus Andrew Yogan in Senators zone.
4:17 of 3rd period - Slapshot by Greg Pateryn.
4:17 of 3rd period - Stopped by Anders Nilsson with a rebound.
4:19 of 3rd period - Snap shot by Greg Pateryn.
4:19 of 3rd period - Deflect By Scott Harrington.
4:19 of 3rd period - Stopped by Anders Nilsson with a rebound.
4:21 of 3rd period - Snap shot by Greg Nemisz.
4:21 of 3rd period - Deflect By Daine Todd.
4:21 of 3rd period - Shot Blocked by Nicolas Deschamps.
4:21 of 3rd period - Puck is out of play.
4:22 of 3rd period - Martin St. Pierre wins face-off versus Nicolas Deschamps in Marlies zone.
5:37 of 3rd period - Wrist shot by Evan Trupp.
5:37 of 3rd period - Shot Blocked by Morgan Ellis.
5:39 of 3rd period - Slapshot by Steve Eminger.
5:39 of 3rd period - Deflect By Joel Armia.
5:39 of 3rd period - Stopped by Anders Nilsson with a rebound.
6:07 of 3rd period - Wrist shot by Greg Nemisz.
6:07 of 3rd period - Stopped by Anders Nilsson with a rebound.
6:09 of 3rd period - Slapshot by Greg Pateryn.
6:09 of 3rd period - Shot Blocked by Joel Armia.
6:41 of 3rd period - Snap shot by Jake Hansen.
6:41 of 3rd period - Shot Blocked by John Scott.
6:45 of 3rd period - Slapshot by Jason Clark.
6:45 of 3rd period - Stopped by Jean-Francois Berube without a rebound.
6:46 of 3rd period - Jason Clark wins face-off versus Martin St. Pierre in Senators zone.
6:51 of 3rd period - Snap shot by Jason Clark.
6:51 of 3rd period - Shot Misses the Net.
6:53 of 3rd period - Slapshot by Jason Clark.
6:53 of 3rd period - Stopped by Jean-Francois Berube without a rebound.
6:54 of 3rd period - Martin St. Pierre wins face-off versus Nicolas Deschamps in Senators zone.
6:54 of 3rd period - Martin St. Pierre is hit by Nicolas Deschamps.
7:04 of 3rd period - Snap shot by Josh Leivo.
7:04 of 3rd period - Stopped by Anders Nilsson without a rebound.
7:05 of 3rd period - Nicolas Deschamps wins face-off versus Martin St. Pierre in Marlies zone.
7:07 of 3rd period - Minor Penalty to Brendon Nash for Hooking.
7:08 of 3rd period - Kyle Chipchura wins face-off versus Jason Clark in Marlies zone.
7:39 of 3rd period - Penalty to George Parros is over, George Parros is back on ice.
9:07 of 3rd period - Penalty to Brendon Nash is over, Brendon Nash is back on ice.
9:07 of 3rd period - Snap shot by Drew Schiestel.
9:07 of 3rd period - Shot Misses the Net.
9:42 of 3rd period - Greg Nemisz is hit by Austen Brassard and loses puck.
9:47 of 3rd period - Wrist shot by Nicolas Deschamps.
9:47 of 3rd period - Shot Blocked by Andrew MacWilliam.
10:25 of 3rd period - Korbinian Holzer is hit by Brendon Nash and loses puck.
11:30 of 3rd period - Emerson Etem is hit by Jake Hansen and loses puck.
12:41 of 3rd period - Morgan Ellis is hit by Evan Trupp and loses puck.
12:58 of 3rd period - Morgan Ellis is hit by Tyler Biggs and loses puck.
14:04 of 3rd period - Daine Todd is hit by Scott Harrington and loses puck.
14:08 of 3rd period - Icing by Korbinian Holzer.
14:09 of 3rd period - Kyle Chipchura wins face-off versus Jason Clark in Senators zone.
14:14 of 3rd period - Austen Brassard is hit by Andrew MacWilliam and loses puck.
15:03 of 3rd period - Snap shot by Jonathon Blum.
15:03 of 3rd period - Shot Blocked by Andrew MacWilliam.
15:05 of 3rd period - Slapshot by Jonathon Blum.
15:05 of 3rd period - Shot Blocked by Daine Todd.
15:09 of 3rd period - Slapshot by Jonathon Blum.
15:09 of 3rd period - Stopped by Jean-Francois Berube without a rebound.
15:10 of 3rd period - Evan Trupp wins face-off versus Nicolas Deschamps in Senators zone.
15:16 of 3rd period - Snap shot by Greg Pateryn.
15:16 of 3rd period - Stopped by Anders Nilsson without a rebound.
15:17 of 3rd period - Jason Clark wins face-off versus Evan Trupp in Marlies zone.
15:17 of 3rd period - Jason Clark is hit by Korbinian Holzer.
15:29 of 3rd period - Wrist shot by Jake Hansen.
15:29 of 3rd period - Shot Blocked by Greg Pateryn.
15:37 of 3rd period - Jason Clark is hit by Tyler Biggs and loses puck.
16:36 of 3rd period - Wrist shot by Greg Nemisz.
16:36 of 3rd period - Stopped by Anders Nilsson with a rebound.
16:56 of 3rd period - Tyler Biggs is hit by Andrew Yogan and loses puck.
17:47 of 3rd period - Slapshot by Jesse Blacker.
17:47 of 3rd period - Shot Misses the Net.
17:49 of 3rd period - Slapshot by Andrew MacWilliam.
17:49 of 3rd period - Deflect By Greg Nemisz.
17:49 of 3rd period - Shot Misses the Net.
17:49 of 3rd period - Puck is out of play.
17:50 of 3rd period - Tyler Biggs wins face-off versus Andrew Yogan in Marlies zone.
18:22 of 3rd period - Snap shot by George Parros.
18:22 of 3rd period - Stopped by Jean-Francois Berube without a rebound.
18:23 of 3rd period - Kyle Chipchura wins face-off versus Nicolas Deschamps in Senators zone.
18:23 of 3rd period - Kyle Chipchura is hit by Jake Hansen.
18:32 of 3rd period - Icing by Morgan Ellis.
18:33 of 3rd period - Jake Hansen wins face-off versus Kyle Chipchura in Marlies zone.
19:00 of 3rd period - Snap shot by Josh Leivo.
19:00 of 3rd period - Stopped by Anders Nilsson with a rebound.
19:02 of 3rd period - Snap shot by Josh Leivo.
19:02 of 3rd period - Deflect By Colton Orr.
19:02 of 3rd period - Stopped by Anders Nilsson without a rebound.
19:03 of 3rd period - Guy Boucher call a timeout for Marlies.
19:03 of 3rd period - Kyle Chipchura wins face-off versus Nicolas Deschamps in Marlies zone.
19:21 of 3rd period - Icing by John Scott.
19:22 of 3rd period - Nicolas Deschamps wins face-off versus Kyle Chipchura in Senators zone.
19:23 of 3rd period - Marlies, Anders Nilsson is pulled from the net.
19:25 of 3rd period - Snap shot by Jonathon Blum.
19:25 of 3rd period - Shot Blocked by Emerson Etem.
19:27 of 3rd period - Slapshot by Jonathon Blum.
19:27 of 3rd period - Shot Misses the Net.
Goals for this period are 0 for Senators vs 0 for Marlies.
Shots for this period are 14 for Senators vs 4 for Marlies.


Output by the SimonT Hockey Simulator (STHS) for Eric Dolegowski -- Original Page W3C XHTML 1.0 Valid
Hockey Simulator - Hockey Simulation - Hockey Manager